 Dungeon Crawl Stone Soup version 0.30.1-11-g7821555f0a (webtiles) character file.

Game seed: 15103042089997828631

37 lonewolfV2 the Trooper (level 3, -1/34 HPs)
             Began as a Hill Orc Fighter on Dec 6, 2023.
             Constricted to death by Ijyb (6 damage)
             ... on level 2 of the Dungeon.
             The game lasted 00:02:11 (1012 turns).

lonewolfV2 the Trooper (Hill Orc Fighter)           Turns: 1012, Time: 00:02:12

Health: -1/34      AC:  8    Str: 18    XL:     3   Next: 39%
Magic:  3/3        EV:  6    Int:  8    God:
Gold:   88         SH:  4    Dex: 12    Spells: 2/2 levels left

rFire   + . .        a - +0 war axe
rCold   + . .        c - +0 buckler
rNeg    . . .        b - +0 scale mail
rPois   +            (no helmet)
rElec   +            (no cloak)
rCorr   +            g - +0 pair of gloves
SInv    .            (no boots)
Will    .....        (no amulet) Stlth
                     (no ring)
HPRegen 0.25/turn    (no ring)
MPRegen 0.08/turn

%: no passive effects
@: brilliant, resistant, grasped by roots, attractive, constricted
A: no striking features
a: no special abilities


You were on level 2 of the Dungeon.
You visited 1 branch of the dungeon, and saw 2 of its levels.

You collected 88 gold pieces.

Inventory:

Hand Weapons
 a - a +0 war axe (weapon)
Armour
 b - a +0 scale mail (worn)
 c - a +0 buckler (worn)
 g - a +0 pair of gloves (worn)
Scrolls
 k - a scroll of enchant weapon {unknown}
 l - a scroll of blinking {unknown}
Potions
 d - a potion of might
 f - a potion of attraction
 h - a potion of brilliance
 i - a potion of degeneration {unknown}
 j - a potion of heal wounds {unknown}
 m - a potion of curing {unknown}


   Skills:
 + Level 4.5 Fighting
 - Level 2.6 Axes
 + Level 4.1 Armour
 - Level 3.2 Shields


You had 2 spell levels left.
You didn't know any spells.
Your spell library contained the following spells:

 Spells                   Type           Power      Damage    Failure   Level
 Sublimation of Blood     Necr           0%         N/A       95%         2
 Wereblood                Tmut           0%         N/A       95%         2
 Summon Hydra             Summ           0%         N/A       100%        7


Dungeon Overview and Level Annotations

Branches:
Dungeon (2/15)

Altars:

Annotations:
D:2 Ijyb


Message History

You slash the goblin!
You kill the goblin!
You closely miss the goblin. You block the goblin's attack.
The goblin hits you but does no damage.
You closely miss the goblin. You barely miss Ijyb.
Ijyb hits you but does no damage.
You hit Ijyb.
Ijyb is lightly wounded.
Ijyb hits you with a +0 club.
You completely miss Ijyb.
Ijyb is lightly wounded.
Ijyb zaps a wand.
The roots erupt in riotous growth!
The grasping roots grab you!
Ijyb is unaffected.
The grasping roots constrict you! Ijyb hits you with a +0 club.
The grasping roots constrict you.
You barely miss Ijyb.
Ijyb is lightly wounded.
Ijyb hits you with a +0 club. The grasping roots constrict you.
* * * LOW HITPOINT WARNING * * *
You slash Ijyb!
Ijyb is heavily wounded.
Ijyb hits you but does no damage. The grasping roots constrict you.
* * * LOW HITPOINT WARNING * * *
The grasping roots release their grip on you.
You hit Ijyb.
Ijyb is heavily wounded.
Ijyb barely misses you. Ijyb hits you but does no damage.
It was a potion of brilliance.
You feel clever all of a sudden. You block Ijyb's attack.
It was a potion of attraction.
You feel attractive to monsters. Ijyb hits you with a +0 club.
* * * LOW HITPOINT WARNING * * *
It was a potion of resistance.
You feel protected.
Ijyb zaps a wand.
The roots erupt in riotous growth!
The grasping roots grab you!
Ijyb is unaffected.
The grasping roots constrict you.
You die...

#.. 8.....8 ####
...gg.. ## 8.g...8
#. .g.....
###.########8g....8
........##..g......
###...#............
....)....#.#########
####...#.#.ggggg@..#
.........#########.#
####.......# .#
#######.#######.#
#..)......#
###########


You could see Ijyb and 4 goblins.

Vanquished Creatures
  A dart slug (D:1)
  4 ball pythons
  2 endoplasms
  A giant cockroach (D:1)
  3 goblins (D:2)
  2 hobgoblins
  4 jackals (D:1)
  3 bats
  2 frilled lizards (D:1)
  7 kobolds
  A rat (D:1)
30 creatures vanquished.

Notes
Turn   | Place    | Note
-------+----------+-------------------------------------------
     0 | D:1      | lonewolfV2 the Hill Orc Fighter began the quest for the
                  | Orb.
     0 | D:1      | Reached XP level 1. HP: 19/19 MP: 1/1
    73 | D:1      | Reached XP level 2. HP: 27/27 MP: 2/2
   620 | D:1      | Reached XP level 3. HP: 33/34 MP: 3/3
   989 | D:2      | Noticed Ijyb
  1012 | D:2      | Constricted to death by Ijyb

Illustrated notes

Levels and vault maps discovered:
D:1:      lightli_arrival_boilingwater, layout_loops_ring
D:2:      kennysheep_the_goblin_king, layout_basic

Skill      XL: |  1  2  3 |
---------------+----------+-----
Fighting       | 4 |  4.5
Armour         | 4 |  4.1
Axes           | |  2.6
Shields        | |  3.2

Action                     || total
---------------------------++-------
  Melee: War axe           ||    80
    Use: Potion            ||     3
 Armour: Scale mail        ||    40
  Dodge: Dodged            ||    41
  Block: Buckler           ||    22
